 Dungeon Crawl Stone Soup version 0.30.1 (webtiles) character file.

Game seed: 1017007063304973951

138342 Graphine the Impassioned (level 17, -5/158 HPs)
             Began as a Hill Orc Fighter on July 9, 2023.
             Was a High Priest of Uskayaw.
             Slain by a sun moth (30 damage)
             ... on level 2 of the Spider Nest.
             The game lasted 01:04:46 (16807 turns).

Graphine the Impassioned (Hill Orc Fighter)        Turns: 16807, Time: 01:04:47

Health: -5/158     AC: 28    Str: 27    XL:     17   Next: 26%
Magic:  16/29      EV: 13    Int: 11    God:    Uskayaw [*****.]
Gold:   2422       SH:  8    Dex: 15    Spells: 16/16 levels left

rFire   . . .        P - +6 shillelagh "Devastator" {shatter}
rCold   . . .        c - +0 buckler
rNeg    . . .        a - +6 plate armour {rPois}
rPois   +            C - +0 helmet
rElec   +            (no cloak)
rCorr   +            Z - +1 pair of gloves {Dex+3}
SInv    +            X - +0 pair of boots
Will    ++...        d - amulet "Neibbim" {Fragile +Inv Regen+ Dex+2 Slay+6 SInv} Stlth
                     J - ring of Eskeje {rElec Will+ rCorr Int+3}
HPRegen 1.26/turn    q - +5 ring of evasion
MPRegen 0.21/turn

%: no passive effects
@: glowing
A: no striking features
a: Renounce Religion, Evoke Invisibility, Stomp, Line Pass, Grand Finale


You were on level 2 of the Spider Nest.
You worshipped Uskayaw.
Uskayaw was most pleased with you.
You visited 4 branches of the dungeon, and saw 19 of its levels.
You visited the Abyss 1 time.
You also visited: Ossuary.

You collected 2422 gold pieces.

Inventory:

Hand Weapons
 v - a +6 flail of holy wrath
 P - the +6 shillelagh "Devastator" (weapon) {shatter}
   (You found it on level 7 of the Dungeon)
 V - the +9 long sword of Cofix {heavy, rElec Will+ Int+3}
   (You found it on level 1 of the Lair of Beasts)

   Int:       It affects your intelligence (+3).
   rElec:     It insulates you from electricity.
   Will:      It increases your willpower.
Missiles
 b - 2 silver boomerangs
 s - 3 curare-tipped darts
 L - 2 throwing nets
 O - 19 boomerangs (quivered)
Armour
 a - a +6 plate armour of poison resistance (worn)
 c - a +0 buckler (worn)
 C - a +0 helmet (worn)
 X - a +0 pair of boots (worn)
 Z - a +1 pair of gloves of dexterity (worn)
Jewellery
 d - the amulet "Neibbim" (around neck) {Fragile +Inv Regen+ Dex+2 Slay+6 SInv}
   (You found it on level 1 of the Lair of Beasts)

   [amulet of regeneration]

   Dex:       It affects your dexterity (+2).
   Slay:      It affects your accuracy & damage with ranged weapons and melee
   (+6).
   SInv:      It lets you see invisible.
   +Inv:      It lets you turn invisible.
   Regen:     It increases your rate of health regeneration.
   Fragile:   It will be destroyed if unequipped.
 f - an amulet of reflection
 k - a ring of protection from cold
 q - a +5 ring of evasion (right hand)
 I - a ring of flight
 J - the ring of Eskeje (left hand) {rElec Will+ rCorr Int+3}
   (You found it on level 2 of the Lair of Beasts)

   [ring of resist corrosion]

   Int:       It affects your intelligence (+3).
   rElec:     It insulates you from electricity.
   rCorr:     It protects you from acid and corrosion.
   Will:      It increases your willpower.
 Q - the amulet of Kotehev {Spirit Regen+ Dex+3}
   (You found it on level 8 of the Dungeon)

   [amulet of guardian spirit]

   It causes incoming damage to be divided between your reserves of health and
   magic.
   Dex:       It affects your dexterity (+3).
   Regen:     It increases your rate of health regeneration.
 W - a ring of protection from cold
Wands
 e - a wand of flame (12)
 o - a wand of mindburst (9)
 u - a wand of paralysis (5)
 B - a wand of roots (22)
 R - a wand of acid (16)
Scrolls
 i - 5 scrolls of amnesia
 j - 2 scrolls of fear
 m - 2 scrolls of fog
 n - 3 scrolls of vulnerability
 p - 5 scrolls of magic mapping
 w - a scroll of identify
 z - 4 scrolls of teleportation
Potions
 g - 7 potions of curing
 h - 2 potions of haste
 l - a potion of cancellation
 r - 6 potions of attraction
 t - 3 potions of mutation
 A - 2 potions of resistance
 D - a potion of degeneration
 E - 5 potions of lignification
 F - a potion of magic
 H - a potion of berserk rage
 T - 2 potions of flight
 U - 2 potions of brilliance
 Y - a potion of heal wounds
Miscellaneous
 x - a condenser vane


   Skills:
 + Level 16.2 Fighting
 - Level 9.4(13.3) Axes
 + Level 12.6(13.5) Maces & Flails
 + Level 14.9 Armour
 - Level 15.0 Shields
 + Level 16.3 Invocations


You had 16 spell levels left.
You didn't know any spells.
Your spell library contained the following spells:

 Spells                   Type           Power      Damage    Failure   Level
 Magic Dart               Conj           0%         1d3       94%         1
 Shock                    Conj/Air       0%         1d3       94%         1
 Sting                    Tmut/Pois      0%         1d3       94%         1
 Searing Ray              Conj           0%         2d4       98%         2
 Wereblood                Tmut           0%         N/A       98%         2
 Hailstorm                Conj/Ice       0%         3d3       100%        3
 Swiftness                Air            0%         N/A       100%        3
 Volatile Blastmotes      Fire/Tloc      0%         2d10      100%        3
 Airstrike                Air            0%         2d(0-16)  100%        4
 Animate Armour           Summ/Erth      0%         N/A       100%        4
 Animate Dead             Necr           0%         N/A       100%        4
 Fulminant Prism          Conj/Hex       0%         3d5       100%        4
 Ice Form                 Ice/Tmut       0%         N/A       100%        4
 Iskenderun's Mystic Bla  Conj/Tloc      0%         2d3       100%        4
 Passage of Golubria      Tloc           0%         N/A       100%        4
 Alistair's Intoxication  Tmut/Pois      0%         N/A       100%        5
 Blade Hands              Tmut           0%         N/A       100%        5
 Borgnjor's Vile Clutch   Necr/Erth      0%         N/A       100%        5
 Fireball                 Conj/Fire      0%         3d3       100%        5
 Iskenderun's Battlesphe  Conj           0%         2d6       100%        5
 Lee's Rapid Deconstruct  Erth           0%         3d4*      100%        5
 Silence                  Hex/Air        0%         N/A       100%        5
 Conjure Ball Lightning   Conj/Air       0%         3x3d6     100%        6
 Death Channel            Necr           0%         N/A       100%        6
 Eringya's Noxious Bog    Tmut/Pois      0%         N/A       100%        6
 Iron Shot                Conj/Erth      0%         9d1       100%        6
 Simulacrum               Ice/Necr       0%         N/A       100%        6
 Statue Form              Tmut/Erth      0%         N/A       100%        6
 Malign Gateway           Summ/Tloc      0%         N/A       100%        7
 Orb of Destruction       Conj           0%         9d5       100%        7
 Lehudib's Crystal Spear  Conj/Erth      0%         10d2      100%        8
 Summon Horrible Things   Summ           0%         N/A       100%        8


Dungeon Overview and Level Annotations

Branches:
Dungeon (10/15)            Temple (0/1) D:7            Lair (5/5) D:10
  Swamp (0/4) Lair:2       Spider (2/4) Lair:2        Slime (0/5) Lair:5
    Orc (2/2) D:9             Elf (0/3) Orc:2       Ossuary (visited)

Altars:
Ashenzari
Fedhas
Gozag
Hepliaklqana
Kikubaaqudgha
Nemelex Xobeh
Ru
Trog
Uskayaw
Yredelemnul
Zin
The Shining One
Beogh
Jiyva

Shops:
D:9 (   Orc:2 ?(([


Message History

* * * LOW HITPOINT WARNING * * *
Uskayaw will force your foes to share their pain.
You hit the sun moth.
The sun moth and the radroach simulacrum shudder.
The sun moth is moderately wounded.
The radroach simulacrum vaporises!
The sun moth is moderately wounded.
The moth of wrath is no longer sharing its pain.
The jumping spider pounces on you but does no damage.
The jumping spider bites you but does no damage.
You block the moth of wrath's attack. The sun moth bites you!
* * * LOW HITPOINT WARNING * * *
You sock the moth of wrath!
The moth of wrath shudders.
You kill the moth of wrath!
You feel a bit more experienced. The jumping spider misses you.
The jumping spider bites you but does no damage.
You block the sun moth's attack.
You can now merge with and destroy a victim.
Training target 15.0 for Shields reached!
Your Shields skill increases to level 15!
You sock the sun moth!
The sun moth shudders.
The sun moth is heavily wounded. x2
You block the sun moth's attack.
The jumping spider barely misses you. x2
You sock the sun moth!
The sun moth shudders.
The sun moth is severely wounded.
You hear a faint skittering sound.
The sun moth bites you!
* * * LOW HITPOINT WARNING * * *
The jumping spider misses you. The jumping spider barely misses you.
Unknown command.
You sock the sun moth!
The sun moth shudders.
The sun moth is severely wounded. x2
You block the sun moth's attack. The jumping spider closely misses you.
The jumping spider barely misses you.
You sock the sun moth!
The sun moth shudders.
The sun moth is almost dead.
You feel a bit more experienced.
The sun moth is almost dead.
The sun moth bites you!!
You die...

#. .. . s# .#... ..
!# ^#..# #. .##....#
? #[ #...#..##..
..##.##...#..^...
#....y#†#.....<^
#..# #..@°........
#...# #..#s.†.#..
##<..##.##.†.......#
............^.[.^...
......##...^######..
........s..## .
............######
...#.#.†......^....
...........(^....^.


You could see a sun moth (berserk) and a jumping spider (soul bound, pain
bonded).

Vanquished Creatures
  A bone dragon (Abyss:2)
  Rupert (Spider:1)
  A shard shrike skeleton (Abyss:2)
  3 tentacled starspawn (Abyss:2)
  Roxanne (Spider:1)
  2 emperor scorpions
  2 orc warlords (Orc:2)
  A minotaur (Lair:1)
  Snorg (Orc:1)
  An entropy weaver (Spider:2)
  2 fire dragons
  5 hydras
  A jorogumo (Spider:1)
  4 radroaches
  A catoblepas (Lair:4)
  A centaur warrior (D:10)
  Erica (D:8)
  4 two-headed ogres
  5 boulder beetles
  A tengu warrior (D:10)
  9 death yaks
  An orc high priest (Orc:2)
  A thrashing horror (Abyss:2)
  The ghost of Tiemel the Thaumaturge, a journeyman DECj of Sif Muna (Lair:1)
  A soul eater (Abyss:2)
  2 pharaoh ants
  2 skysharks
  A sun moth (Spider:2)
  A flayed ghost (Abyss:2)
  3 orb spiders (Spider:1)
  Pikel (D:9)
  A lindwurm (Lair:5)
  An orc knight (D:10)
  5 starcursed masses (Abyss:2)
  3 orc sorcerers
  An ugly thing (D:10)
  3 wolf spiders
  4 black mambas
  3 moths of wrath
  Joseph (D:8)
  3 molten gargoyles (Lair:5)
  A demonic crawler (Spider:1)
  5 elephants (Lair:3)
  3 smoke demons (Abyss:2)
  A gargoyle (D:7)
  2 torpor snails
  11 cane toads
  11 rime drakes
  14 komodo dragons
  An ancient zyme (Abyss:2)
  6 trolls
  2 polar bears
  A hellwing (Abyss:2)
  3 meliai (Spider:1)
  A tyrant leech (Lair:1)
  5 raiju (Abyss:2)
  A hornet (D:10)
  13 tarantellas
  16 blink frogs
  11 jumping spiders
  9 culicivoras
  2 shadows
  7 wyverns
  A wraith (D:9)
  A ynoxinul (Abyss:2)
  42 yaks
  11 steam dragons
  2 vampire mosquitoes (D:10)
  A neqoxec (Abyss:2)
  6 basilisks
  A chaos spawn (Abyss:2)
  6 wargs
  24 redbacks
  Edmund (D:4)
  2 acid dragons (D:10)
  4 swamp worms (Lair:1)
  11 water moccasins
  A small abomination (Abyss:2)
  3 hell hounds (Lair:5)
  28 orc warriors
  4 large abominations (Abyss:2)
  An ice beast (D:7)
  8 ogres
  A black bear (D:5)
  4 wolves (Lair:3)
  A boggart (D:10)
  5 centaurs
  A phantom (D:3)
  A kobold brigand (D:9)
  8 bullfrogs
  A gnoll sergeant (D:8)
  Blork the orc (D:4)
  4 water moccasin zombies (Ossuary)
  A scorpion (D:6)
  11 killer bees
  2 electric eels
  11 howler monkeys
  5 lava snakes (Lair:5)
  3 jellies
  2 hounds (D:5)
  2 quasits (Abyss:2)
  20 orc priests
  Crazy Yiuf (D:4)
  2 sleepcaps
  6 hell rats (Lair:5)
  31 orc wizards
  2 iguanas
  2 mummies (Ossuary)
  8 gnolls
  10 adders
  3 ufetubi
  2 adder zombies (Ossuary)
  A worm (D:3)
  5 dart slugs
  88 orcs
  8 ball pythons
  10 endoplasms
  2 giant cockroaches (D:1)
  A gnoll zombie (Ossuary)
  6 goblins
  7 hobgoblins
  2 jackals (D:2)
  A quokka (D:1)
  4 bats
  7 frilled lizards
  3 hobgoblin zombies (Ossuary)
  12 kobolds
  7 kobold zombies (Ossuary)
  3 orc zombies (Ossuary)
  3 rats
  2 starspawn tentacles (Abyss:2)
694 creatures vanquished.

Vanquished Creatures (others)
  An ogre mage (D:10)
  A demonic crawler (Spider:2)
  7 starspawn tentacles (Abyss:2)
9 creatures vanquished.

Grand Total: 703 creatures vanquished

Notes
Turn   | Place    | Note
-------+----------+-------------------------------------------
     0 | D:1      | Graphine the Hill Orc Fighter began the quest for the Orb.
     0 | D:1      | Reached XP level 1. HP: 19/19 MP: 1/1
   176 | D:1      | Reached XP level 2. HP: 27/27 MP: 2/2
   546 | D:1      | Reached XP level 3. HP: 33/33 MP: 3/3
  1037 | D:2      | Reached XP level 4. HP: 40/40 MP: 4/4
  1475 | D:3      | Noticed a phantom
  1488 | D:3      | Killed a phantom
  1489 | D:3      | Reached XP level 5. HP: 21/47 MP: 5/5
  2005 | D:4      | Found a sand-covered staircase.
  2015 | Ossuary  | Entered an ossuary
  2045 | Ossuary  | Reached skill level 5 in Fighting
  2045 | Ossuary  | Reached XP level 6. HP: 52/56 MP: 6/6
  2161 | Ossuary  | Reached skill level 5 in Axes
  2209 | Ossuary  | Reached skill level 5 in Shields
  2217 | Ossuary  | Reached skill level 5 in Armour
  2228 | Ossuary  | Reached XP level 7. HP: 51/61 MP: 7/7
  2394 | D:4      | Noticed Edmund
  2414 | D:4      | Killed Edmund
  2419 | D:4      | Found a hide-covered altar of Uskayaw.
  2522 | D:4      | Found a broken altar of Ashenzari.
  2544 | D:4      | Found a basalt altar of Yredelemnul.
  2561 | D:4      | Found a sparkling altar of Nemelex Xobeh.
  2564 | D:4      | Noticed Blork the orc
  2636 | D:4      | Killed Blork the orc
  3110 | D:4      | Became a worshipper of Uskayaw the Reveller
  3214 | D:4      | Found a runed translucent door.
  3247 | D:4      | Noticed Crazy Yiuf
  3252 | D:4      | Killed Crazy Yiuf
  3252 | D:4      | Reached * piety under Uskayaw
  3286 | D:5      | Entered Level 5 of the Dungeon
  3327 | D:5      | Reached ** piety under Uskayaw
  3334 | D:5      | Reached *** piety under Uskayaw
  3544 | D:5      | Reached skill level 1 in Invocations
  3544 | D:5      | Reached XP level 8. HP: 49/71 MP: 8/8
  4030 | D:5      | Found a hazy altar of Hepliaklqana.
  4211 | D:6      | Noticed a troll
  4231 | D:6      | Killed a troll
  4631 | D:6      | Reached XP level 9. HP: 64/79 MP: 11/11
  4919 | D:6      | Noticed a troll
  4931 | D:6      | Killed a troll
  5157 | D:6      | Found a bloodstained altar of Trog.
  5252 | D:7      | Found a staircase to the Ecumenical Temple.
  5670 | D:7      | Found the +6 shillelagh "Devastator" {shatter}
  5671 | D:7      | Noticed a two-headed ogre
  5671 | D:7      | Noticed a two-headed ogre
  5671 | D:7      | Noticed a gargoyle
  5674 | D:7      | Noticed a two-headed ogre
  5676 | D:7      | Killed a gargoyle
  5677 | D:7      | Reached skill level 5 in Invocations
  5678 | D:7      | Reached **** piety under Uskayaw
  5682 | D:7      | Killed a two-headed ogre
  5682 | D:7      | Reached ***** piety under Uskayaw
  5688 | D:7      | Killed a two-headed ogre
  5689 | D:7      | Reached XP level 10. HP: 71/90 MP: 1/14
  5694 | D:7      | Killed a two-headed ogre
  5939 | D:7      | Found a sacrificial altar of Ru.
  6006 | D:8      | Reached skill level 1 in Maces & Flails
  6195 | D:8      | Identified the amulet of Kotehev {Spirit Regen+ Dex+3}
  6379 | D:8      | Noticed Erica
  6388 | D:8      | Killed Erica
  6502 | D:8      | Noticed a two-headed ogre
  6503 | D:8      | Noticed Joseph
  6507 | D:8      | Killed a two-headed ogre
  6508 | D:8      | Reached skill level 10 in Fighting
  6508 | D:8      | Reached XP level 11. HP: 99/99 MP: 17/17
  6510 | D:8      | Killed Joseph
  6986 | D:9      | Found Guck's Weapon Shop.
  7003 | D:9      | Found a staircase to the Orcish Mines.
  7152 | D:9      | Found a blossoming altar of Fedhas.
  7158 | D:9      | Found an ancient bone altar of Kikubaaqudgha.
  7473 | D:9      | Noticed Pikel
  7478 | D:9      | Killed Pikel
  7838 | Orc:1    | Entered Level 1 of the Orcish Mines
  7892 | Orc:1    | Found a roughly hewn altar of Beogh.
  7952 | Orc:1    | Noticed an orc sorcerer
  7959 | Orc:1    | Paralysed by an orc sorcerer for 2 turns
  7962 | Orc:1    | Killed an orc sorcerer
  8058 | Orc:2    | Entered Level 2 of the Orcish Mines
  8074 | Orc:2    | Noticed an orc high priest
  8081 | Orc:2    | Noticed an orc warlord
  8152 | D:10     | Entered Level 10 of the Dungeon
  8178 | D:10     | Reached skill level 5 in Maces & Flails
  8190 | D:10     | Found a staircase to the Lair.
  8264 | D:10     | Noticed a centaur warrior
  8276 | D:10     | Killed a centaur warrior
  8277 | D:10     | Reached skill level 10 in Shields
  8278 | D:10     | Noticed an orc knight
  8290 | D:10     | Killed an orc knight
  8291 | D:10     | Reached skill level 10 in Armour
  8391 | D:10     | Noticed an ogre mage
  8393 | D:10     | Noticed a tengu warrior
  8396 | D:10     | Killed an ogre mage
  8404 | D:10     | Reached XP level 12. HP: 86/110 MP: 9/19
  8409 | D:10     | Killed a tengu warrior
  8410 | D:10     | Reached skill level 10 in Invocations
  8502 | D:10     | Noticed a boulder beetle
  8536 | D:10     | Killed a boulder beetle
  8564 | D:10     | Identified the +3 trident of the Establishment {flame,
                  | Drain rElec Dex+4 Stlth+}
  8567 | D:10     | Identified the staff of conjuration "Cuock" {Int+2}
  8567 | D:10     | Identified the +4 great sword of the Lurker {protect, rF+}
  8792 | D:10     | Found a glowing golden altar of the Shining One.
  8849 | D:10     | Found an opulent altar of Gozag.
  8851 | D:10     | Found a glowing silver altar of Zin.
  9029 | Lair:1   | Entered Level 1 of the Lair of Beasts
  9112 | Lair:1   | Identified the +3 falchion "Aubergine" {antimagic, Dex+5
                  | Stlth+}
  9398 | Lair:1   | Found a runed translucent gate.
  9399 | Lair:1   | Found a runed translucent gate.
  9400 | Lair:1   | Found a runed translucent gate.
  9403 | Lair:1   | Noticed a minotaur
  9404 | Lair:1   | Noticed Tiemel's ghost (journeyman DECj)
  9429 | Lair:1   | Killed a minotaur
  9463 | Lair:1   | Killed Tiemel's ghost
  9585 | Lair:1   | Identified the amulet "Neibbim" {Fragile +Inv Regen+ Dex+2
                  | Slay+6 SInv}
  9597 | Lair:1   | Identified the +9 long sword of Cofix {heavy, rElec Will+
                  | Int+3}
 10015 | Lair:2   | Found a staircase to the Swamp.
 10189 | Lair:2   | Found a hole to the Spider Nest.
 10328 | Lair:2   | Identified the ring of Eskeje {rElec Will+ rCorr Int+3}
 10399 | Lair:2   | Reached XP level 13. HP: 113/118 MP: 21/21
 11694 | Lair:4   | Noticed a fire dragon
 11712 | Lair:4   | Killed a fire dragon
 12511 | Lair:4   | Identified the +1 rapier of Hepliaklqana's Pride {chaos,
                  | Str+4}
 12670 | Lair:5   | Entered Level 5 of the Lair of Beasts
 12675 | Lair:5   | Reached XP level 14. HP: 129/129 MP: 23/23
 12709 | Lair:5   | Found a viscous altar of Jiyva.
 12709 | Lair:5   | Found a staircase to the Slime Pits.
 12735 | Lair:5   | Reached ****** piety under Uskayaw
 13168 | Lair:5   | Reached skill level 10 in Maces & Flails
 13286 | Lair:5   | Found a large runed translucent door.
 13378 | Lair:5   | Found a large runed translucent door.
 14428 | Orc:2    | Found a staircase to the Elven Halls.
 14449 | Orc:2    | Found a roughly hewn altar of Beogh.
 14449 | Orc:2    | Found Cinuv's Magic Scroll Shoppe.
 14531 | Orc:2    | Killed an orc warlord
 14818 | Orc:2    | Found a roughly hewn altar of Beogh.
 14841 | Orc:2    | Reached XP level 15. HP: 119/139 MP: 25/25
 14932 | Orc:2    | Found a roughly hewn altar of Beogh.
 14963 | Orc:2    | Noticed an orc warlord
 14977 | Orc:2    | Killed an orc warlord
 14977 | Orc:2    | Found Puyxkog's Antique Weapon Shop.
 14987 | Orc:2    | Found a roughly hewn altar of Beogh.
 15023 | Orc:2    | Found Feski's Antique Armour Boutique.
 15151 | Orc:2    | Found a roughly hewn altar of Beogh.
 15157 | Orc:2    | Found Ifihybim's Weapon Boutique.
 15329 | Orc:1    | Noticed Snorg
 15333 | Orc:1    | Killed Snorg
 15602 | Spider:1 | Entered Level 1 of the Spider Nest
 15627 | Abyss:2  | Cast into level 2 of the Abyss (meliai)
 15754 | Abyss:2  | Reached skill level 15 in Fighting
 15769 | Abyss:2  | Found a corrupted altar of Lugonu.
 15787 | Abyss:2  | Found a sparkling altar of Nemelex Xobeh.
 15868 | Abyss:2  | Found a corrupted altar of Lugonu.
 15874 | Abyss:2  | Noticed a bone dragon
 15888 | Abyss:2  | Killed a bone dragon
 15889 | Abyss:2  | Reached skill level 15 in Invocations
 15954 | Abyss:2  | Noticed a tentacled starspawn
 15963 | Abyss:2  | Killed a tentacled starspawn
 15987 | Abyss:2  | Noticed a tentacled starspawn
 15995 | Abyss:2  | Killed a tentacled starspawn
 16063 | Abyss:2  | Noticed a tentacled starspawn
 16069 | Abyss:2  | Killed a tentacled starspawn
 16085 | Spider:1 | Escaped the Abyss
 16110 | Spider:1 | Paralysed by a jorogumo for 2 turns
 16441 | Spider:1 | Noticed an emperor scorpion
 16442 | Spider:1 | Noticed Rupert
 16456 | Spider:1 | Killed Rupert
 16457 | Spider:1 | Killed an emperor scorpion
 16458 | Spider:1 | Reached XP level 16. HP: 145/149 MP: 18/27
 16513 | Spider:1 | Identified Roxanne's Essays on the Xenotype
 16513 | Spider:1 | Noticed Roxanne
 16527 | Spider:1 | Killed Roxanne
 16722 | Spider:1 | Reached XP level 17. HP: 158/158 MP: 27/29
 16804 | Spider:2 | Reached skill level 15 in Shields
 16807 | Spider:2 | Slain by a sun moth

Illustrated notes

Levels and vault maps discovered:
D:1:      minmay_arrival_doors, layout_loops_cross, minmay_misc_feat_alley,
          minmay_tall_x
D:2:      layout_loops_cross
D:3:      layout_basic, minmay_misc_feat_rows
D:4:      layout_cave_pools, nemelex_diamond_rough_becter,
          mainiacjoe_overflow_six_doors_small, nicolae_overflow_squiral,
          nicolae_ossuary_entry_monument, uniq_edmund, uniq_crazy_yiuf_cottage,
          uniq_blork_the_orc
D:5:      layout_rooms, mainiacjoe_overflow_alcove_4,
          hangedman_abyss_or_decor_stabs
D:6:      layout_cave_pools, kennysheep_little_box
D:7:      layout_rooms, nicolae_ru_the_path_less_chosen,
          minmay_temple_entry_mini_moons, dilly_guarded_unrand_devastator
D:8:      layout_loops_ring, uniq_erica, uniq_joseph
D:9:      layout_stronghold, grunt_temple_overflow_growth_and_decay,
          orc_david_3, grunt_ogre_cave, skrybe_limestone_x, uniq_pikel
D:10:     minmay_the_grid_triangle_9x9_recursive_2_mashed
          [minmay_the_grid_triangle_9x9_prize_top_heavy,
          minmay_the_grid_triangle_9x9_from_above,
          minmay_the_grid_triangle_9x9_impossible_snake,
          minmay_the_grid_triangle_9x9_minimal], layout_rooms, tso_oasis_becter,
          grunt_temple_overflow_gold_and_silver
Lair:1:   layout_hall_layers, maelrawn_ghost_gauntlet_escape, worms_lemuel,
          grunt_megastairs_3
Lair:2:   layout_chaotic_city, swamp_mist, spider_nest_entry_funnel_web,
          chequers_serial_rivers_micro_b, patterned_corridor,
          serial_bayou_shore_a, lemuel_fruit_tree
Lair:3:   layout_hall_layers
Lair:4:   layout_hall_layers, bobbens_dragon_lair_wall
Lair:5:   cheibrodos_lair_end_hotspot, layout_gridlike,
          nicolae_slime_entry_slimehenge, st_stairs_5
Spider:1: layout_spider_delve, uniq_rupert, uniq_roxanne
Spider:2: layout_spider_delve, gammafunk_ghost_cemetery, drop_trap,
          nicolae_spider_solar_radiation
Orc:1:    layout_diamond_mine, basic_altar, nicolae_orc_tapped_out, uniq_snorg
Orc:2:    grunt_orc_community_town_hall, layout_caves,
          grunt_orc_community_big_house_2, grunt_orc_community_big_house_1,
          grunt_orc_community_house_3, grunt_orc_community_house_2,
          grunt_orc_community_house_2, grunt_orc_community_house_3, special_room

Skill      XL: |  1  2  3  4  5  6  7  8  9 10 11 12 13 14 15 16 17 |
---------------+----------------------------------------------------+-----
Axes           | 3 4 5 6 7 9 |  9.4
Fighting       | 4 5 6 7 8 10 11 12 13 14 15 16 | 16.2
Shields        | 4 5 6 8 9 10 11 12 13 14 15 | 15.0
Armour         | 4 5 6 8 9 10 11 12 13 14 | 14.9
Invocations    | 1 3 6 8 9 11 12 14 15 16 | 16.3
Maces & Flails | 3 5 7 9 10 12 | 12.6

Action                     |  1- 3 |  4- 6 |  7- 9 | 10-12 | 13-15 | 16-18 || total
---------------------------+-------+-------+-------+-------+-------+-------++-------
  Melee: War axe           |    92 |   188 |   278 |    14 |       |       ||   572
         Shillelagh        |       |       |       |   350 |   626 |    76 ||  1052
  Throw: Dart              |       |       |     2 |     2 |       |       ||     4
         Boomerang         |       |       |       |    15 |    28 |       ||    43
 Invoke: Line Pass         |       |       |     5 |     8 |       |       ||    13
         Stomp             |       |       |     3 |       |       |       ||     3
         Grand Finale      |       |       |       |     1 |    12 |     2 ||    15
  Evoke: Wand              |       |       |     8 |     1 |       |       ||     9
    Use: Scroll            |     5 |     7 |     4 |    12 |    13 |     1 ||    42
         Potion            |       |       |     3 |     4 |     3 |     1 ||    11
   Stab: Paralysed         |       |       |    13 |    26 |    58 |     4 ||   101
         Invisible         |       |       |       |     1 |     4 |       ||     5
         Petrified         |       |       |       |       |     2 |       ||     2
 Armour: Scale mail        |    46 |    87 |   131 |   125 |   105 |       ||   494
         Plate armour      |       |       |       |       |   130 |    37 ||   167
  Dodge: Dodged            |    48 |    78 |   210 |   215 |   302 |    41 ||   894
  Block: Buckler           |    25 |    42 |    71 |    93 |   197 |    33 ||   461
